 Dungeon Crawl Stone Soup version 0.30.0-29-ga12c61a403 (webtiles) character file.

Game seed: 13355447379952804120

22897 wingedge the Destroyer (level 12, -9/96 HPs)
             Began as a Demigod Wanderer on June 21, 2023.
             Mangled by a demonic crawler (12 damage)
             ... on level 2 of the Lair of Beasts on June 22, 2023.
             The game lasted 00:58:37 (16798 turns).

wingedge the Destroyer (Demigod Wanderer)          Turns: 16798, Time: 00:58:37

Health: -9/96      AC: 17    Str: 19    XL:     12   Next: 34%
Magic:  5/36       EV:  8    Int: 34    God:
Gold:   731        SH:  0    Dex:  6    Spells: 18/25 levels left

rFire   + . .        a - +11 spear of Trauma {drain, rC+ Str+2 Int+3 SInv}
rCold   + . .        (no shield)
rNeg    . . .        R - +0 chain mail "Iwohooff" {rPois rF+ Int+3 Dex-5}
rPois   +            s - +0 helmet
rElec   .            d - +0 cloak
rCorr   .            J - +0 pair of gloves
SInv    +            S - +2 pair of boots {Stlth+}
Will    ++...        C - amulet of magic regeneration Stlth
                     w - ring of willpower
HPRegen 0.36/turn    W - ring of magical power
MPRegen 0.65/turn

%: no passive effects
@: no status effects
A: high MP 1, forlorn, divine attributes
a: no special abilities


You were on level 2 of the Lair of Beasts.
You visited 2 branches of the dungeon, and saw 15 of its levels.
You also visited: Bailey.

You collected 1269 gold pieces.
You spent 538 gold pieces at shops.

Inventory:

Hand Weapons
 a - the +11 spear of Trauma (weapon) {drain, rC+ Str+2 Int+3 SInv}
   (You found it on level 8 of the Dungeon)

   Str:       It affects your strength (+2).
   Int:       It affects your intelligence (+3).
   rC:        It protects you from cold.
   SInv:      It lets you see invisible.
 b - the +8 hand axe of Feit {flame, +Blink Will+ rCorr}
   (You found it on level 2 of the Dungeon)

   +Blink:    It lets you blink.
   rCorr:     It protects you from acid and corrosion.
   Will:      It increases your willpower.
 O - a +5 battleaxe
 Z - the +10 quarterstaff of Disgust {venom, rF+ rCorr}
   (You found it on level 3 of the Lair of Beasts)

   rF:        It protects you from fire.
   rCorr:     It protects you from acid and corrosion.
Missiles
 h - 8 boomerangs (quivered)
 t - 34 poisoned darts
 U - a curare-tipped dart
 Y - 6 datura-tipped darts
Armour
 c - a +0 kite shield
 d - a +0 cloak (worn)
 s - a +0 helmet (worn)
 J - a +0 pair of gloves (worn)
 N - +0 steam dragon scales
 R - the +0 chain mail "Iwohooff" (worn) {rPois rF+ Int+3 Dex-5}
   (You found it in a bailey)

   Int:       It affects your intelligence (+3).
   Dex:       It affects your dexterity (-5).
   rF:        It protects you from fire.
   rPois:     It protects you from poison.
 S - a +2 pair of boots of stealth (worn)
Magical Staves
 i - a staff of fire
Jewellery
 w - a ring of willpower (left hand)
 C - an amulet of magic regeneration (around neck)
 E - an amulet of reflection
 K - a ring of protection from cold
 M - a ring of see invisible
 W - a ring of magical power (right hand)
Wands
 n - a wand of flame (32)
 y - a wand of polymorph (11)
 A - a wand of iceblast (8)
 P - a wand of digging (4)
 T - a wand of paralysis (5)
Scrolls
 j - 2 scrolls of butterflies
 k - a scroll of acquirement {unknown}
 m - 2 scrolls of fear
 o - 8 scrolls of teleportation
 p - a scroll of immolation {unknown}
 q - 2 scrolls of fog
 D - 3 scrolls of enchant weapon
 F - 3 scrolls of magic mapping
 G - a scroll of brand weapon {unknown}
 I - a scroll of blinking
 L - 4 scrolls of vulnerability
 V - a scroll of amnesia {unknown}
Potions
 e - 4 potions of brilliance
 f - 6 potions of curing
 g - 7 potions of flight
 l - 4 potions of ambrosia
 r - 2 potions of magic
 u - 2 potions of berserk rage
 v - a potion of might {unknown}
 x - 3 potions of lignification
 z - 6 potions of heal wounds
 B - a potion of haste
 H - 2 potions of attraction {unknown}
 Q - a potion of invisibility {unknown}
 X - a potion of cancellation {unknown}


   Skills:
 - Level 6.0 Fighting
 - Level 4.5 Axes
 - Level 1.0(3.0) Polearms
 - Level 2.6 Throwing
 + Level 6.8 Armour
 - Level 2.0 Dodging
 - Level 1.0 Stealth
 - Level 2.0 Shields
 + Level 7.1 Spellcasting
 + Level 8.5 Conjurations
 + Level 3.8 Necromancy
 - Level 6.0 Air Magic
 - Level 8.0 Earth Magic
 - Level 6.0 Poison Magic


You had 18 spell levels left.
You knew the following spells:

 Your Spells              Type           Power      Damage    Failure   Level
a - Sandblast             Erth           100%       2d20      1%          1
b - Stone Arrow           Conj/Erth      100%       3d13      2%          3
c - Mephitic Cloud        Conj/Pois/Air  56%        N/A       4%          3

Your spell library contained the following spells:

 Spells                   Type           Power      Damage    Failure   Level
 Magic Dart               Conj           100%       1d8       1%          1
 Searing Ray              Conj           100%       2d8       1%          2
 Cigotuvi's Dreadful Rot  Necr/Pois/Air  96%        N/A       4%          2
 Hailstorm                Conj/Ice       41%        3d10      13%         3
 Spider Form              Tmut/Pois      32%        N/A       22%         3
 Beastly Appendage        Tmut           24%        N/A       26%         1
 Freeze                   Ice            48%        1d6       26%         1
 Call Imp                 Summ           24%        N/A       36%         2
 Wereblood                Tmut           12%        N/A       36%         2
 Fulminant Prism          Conj/Hex       20%        3d12      41%         4
 Leda's Liquefaction      Hex/Erth       19%        N/A       43%         4
 Dispel Undead            Necr           38%        3d16      45%         4
 Call Canine Familiar     Summ           12%        N/A       58%         3
 Frozen Ramparts          Ice            24%        1d4       58%         3
 Portal Projectile        Hex/Tloc       24%        N/A       58%         3
 Tukima's Dance           Hex            12%        N/A       58%         3
 Ice Form                 Ice/Tmut       12%        N/A       94%         4
 Summon Ice Beast         Ice/Summ       12%        N/A       94%         4
 Blade Hands              Tmut           6%         N/A       100%        5
 Death Channel            Necr           19%        N/A       100%        6


Dungeon Overview and Level Annotations

Branches:
Dungeon (12/15)            Temple (0/1) D:5            Lair (3/5) D:11
 Shoals (0/4) Lair:2       Spider (0/4) Lair:3          Orc (0/2) D:10
 Bailey (visited)

Shops:
D:2 ?[*==   D:5 (   D:10 ?   D:11 [

Annotations:
D:5 2 transporters - bees, xelgaze's ghost, novice HOFi
Lair:2 1 runed translucent door, bairyn's ghost, journeyman AtFi


Innate Abilities, Weirdness & Mutations

You have an increased reservoir of magic. (+10% MP)
You shall have no god before yourself.
Your divine heritage dramatically boosts your attributes as you level up.


Message History

The stone arrow hits the demonic crawler!
The demonic crawler is almost dead.
The demonic crawler hits you.
The demonic crawler hits you but does no damage.
The demonic crawler hits you.
Casting: Stone Arrow (mildly dangerous; 2% risk of failure)
Confirm with . or Enter, or press ? or * to list all spells.
Aiming: Stone Arrow (mildly dangerous; 2% risk of failure)
Press: ? - help, Shift-Dir - straight line, f/p - demonic crawler
Aim: a demonic crawler (severely wounded, 89% to hit)
The stone arrow hits the demonic crawler!
The demonic crawler is almost dead.
The demonic crawler hits you! x2; The demonic crawler hits you.
Your magical contamination has completely faded away.
Casting: Stone Arrow (mildly dangerous; 2% risk of failure)
Confirm with . or Enter, or press ? or * to list all spells.
Aiming: Stone Arrow (mildly dangerous; 2% risk of failure)
Press: ? - help, Shift-Dir - straight line, f/p - demonic crawler
Aim: a demonic crawler (severely wounded, 89% to hit)
The stone arrow hits the demonic crawler.
The demonic crawler is severely wounded.
The demonic crawler barely misses you. The demonic crawler hits you.
* * * LOW HITPOINT WARNING * * *
The demonic crawler hits you but does no damage.
Casting: Stone Arrow (mildly dangerous; 2% risk of failure)
Confirm with . or Enter, or press ? or * to list all spells.
Aiming: Stone Arrow (mildly dangerous; 2% risk of failure)
Press: ? - help, Shift-Dir - straight line, f/p - demonic crawler
Aim: a demonic crawler (severely wounded, 89% to hit)
The stone arrow hits the demonic crawler.
The demonic crawler is severely wounded.
The demonic crawler hits you but does no damage.
The demonic crawler hits you.
* * * LOW HITPOINT WARNING * * *
The demonic crawler barely misses you. The demonic crawler hits you.
* * * LOW HITPOINT WARNING * * *
The demonic crawler hits you!
* * * LOW HITPOINT WARNING * * *
The demonic crawler hits you!
You die...

### ### ######## ########P##
##.#
##...#.####...#.##..###.#######
..............................##
..........>.....@s..<.P........#
..#..#P.....#.#....##...##....##
.....###.#.P#....>.###+####...#
......##.#+###.....##....#....##
..P..###....###....##....#.....#
......##....###.....#....#P...##
.....###.#.#.##.....#.#.......#
#+...######.###....P##...##...#
.......#.#....#...............#


You could see a demonic crawler.

Vanquished Creatures
  Gastronok (Lair:2)
  Josephine (Lair:3)
  A boulder beetle (Lair:3)
  Nergalle (Lair:2)
  2 skysharks (Lair:3)
  An orc knight (Bailey)
  An ugly thing (D:11)
  A black mamba (Lair:1)
  6 cane toads
  An unseen horror (D:11)
  A kobold demonologist (D:11)
  2 rime drakes (Lair:1)
  5 komodo dragons
  A queen bee (D:9)
  2 trolls (D:11)
  A polar bear (Lair:1)
  A hornet (D:7)
  5 wraiths
  2 shadows
  A vampire (D:7)
  A water elemental (D:11)
  A basilisk (Lair:2)
  20 yaks
  3 wyverns
  Menkaure (D:5)
  A steam dragon (D:9)
  A swamp worm (Lair:3)
  9 water moccasins
  3 ice beasts
  11 orc warriors
  3 sky beasts
  3 centaurs
  2 ogres
  5 wolves (Lair:1)
  2 phantoms
  2 kobold brigands
  3 bullfrogs
  A gnoll sergeant (D:10)
  11 scorpions
  9 wights
  25 killer bees
  8 electric eels
  3 howler monkeys
  5 orc priests
  2 hounds
  2 jellies
  2 iguanas
  11 orc wizards
  Robin (D:3)
  10 gnolls
  8 adders
  A shadow imp (D:8)
  2 ufetubi
  3 worms
  A dart slug (D:2)
  53 orcs
  4 bats
  5 endoplasms
  4 giant cockroaches
  16 goblins
  8 hobgoblins
  4 jackals (D:2)
  2 quokkas (D:1)
  4 ball pythons
  12 frilled lizards
  13 kobolds
  8 rats
346 creatures vanquished.

Vanquished Creatures (collateral kills)
  3 killer bees
3 creatures vanquished.

Grand Total: 349 creatures vanquished

Notes
Turn   | Place    | Note
-------+----------+-------------------------------------------
     0 | D:1      | wingedge the Demigod Wanderer began the quest for the Orb.
     0 | D:1      | wingedge set off with the following items: a +2 dagger, a
                  | curare-tipped dart, a +0 scale mail, a potion of haste; and
                  | the following spell memorised: Sandblast; and the following
                  | spells available to memorise: Stone Arrow.
     0 | D:1      | Reached XP level 1. HP: 14/14 MP: 4/4
   383 | D:1      | Reached XP level 2. HP: 20/20 MP: 3/5
   910 | D:2      | Found Huoz's Jewellery Emporium.
   976 | D:2      | Found Axkodaix's Jewellery Shoppe.
  1083 | D:2      | Found Paawn's General Store.
  1090 | D:2      | Bought a potion of degeneration for 13 gold pieces
  1224 | D:2      | Reached XP level 3. HP: 26/26 MP: 3/6
  1523 | D:2      | Found Ofikiat's Antique Armour Shop.
  1538 | D:2      | Found Wajuise's Magic Scroll Shop.
  1787 | D:2      | Identified the +8 hand axe of Feit {flame, +Blink Will+
                  | rCorr}
  1815 | D:2      | Reached skill level 1 in Fighting
  1977 | D:3      | Noticed Robin
  2097 | D:3      | Killed Robin
  2121 | D:3      | Reached skill level 1 in Axes
  2190 | D:3      | Reached XP level 4. HP: 35/35 MP: 8/8
  3307 | D:4      | Noticed a phantom
  3314 | D:4      | Killed a phantom
  3315 | D:4      | Reached XP level 5. HP: 31/41 MP: 9/9
  3588 | D:5      | Entered Level 5 of the Dungeon
  3598 | D:5      | Noticed a water moccasin
  3610 | D:5      | Killed a water moccasin
  3624 | D:5      | Noticed xelgaze's ghost (novice HOFi)
  3733 | D:5      | Reached XP level 6. HP: 27/50 MP: 7/10
  3843 | D:5      | Found a transporter.
  3848 | D:5      | Found a transporter.
  3976 | D:5      | Reached skill level 1 in Conjurations
  3980 | D:5      | Learned a level 3 spell: Stone Arrow
  4144 | D:5      | Found a staircase to the Ecumenical Temple.
  4175 | D:5      | Reached XP level 7. HP: 49/57 MP: 11/13
  4290 | D:5      | Noticed Menkaure
  4293 | D:5      | Killed Menkaure
  4345 | D:5      | Found Jeikhlis's Weapon Shoppe.
  4550 | D:5      | Found a transporter.
  4574 | D:5      | Found a transporter.
  5126 | D:6      | Noticed a wyvern
  5130 | D:6      | Reached XP level 8. HP: 58/66 MP: 5/15
  5135 | D:6      | Reached skill level 5 in Earth Magic
  5265 | D:6      | Learned a level 3 spell: Mephitic Cloud
  5288 | D:6      | Reached skill level 5 in Conjurations
  5392 | D:6      | Reached skill level 1 in Air Magic
  5392 | D:6      | Reached skill level 1 in Poison Magic
  6197 | D:7      | Noticed a hornet
  6204 | D:7      | Killed a hornet
  6535 | D:2      | Bought an amulet of magic regeneration for 420 gold pieces
  6671 | D:7      | Reached XP level 9. HP: 54/72 MP: 15/17
  7263 | D:2      | Bought a scroll of blinking for 105 gold pieces
  7587 | D:8      | Reached skill level 5 in Fighting
  7647 | D:8      | Reached skill level 1 in Dodging
  7961 | D:8      | Identified the +11 spear of Trauma {drain, rC+ Str+2 Int+3
                  | SInv}
  8639 | D:9      | Reached XP level 10. HP: 27/81 MP: 2/20
  9272 | D:9      | Reached skill level 1 in Polearms
  9479 | D:9      | Identified the +0 ring mail "Lyidonong" {Dex+2}
  9587 | D:10     | Entered Level 10 of the Dungeon
  9651 | D:10     | Reached skill level 5 in Spellcasting
  9755 | D:10     | Found a flagged portal.
  9778 | Bailey   | Entered a bailey
  9947 | Bailey   | Noticed an orc knight
  9952 | Bailey   | Killed an orc knight
  9953 | Bailey   | Reached skill level 1 in Shields
  9953 | Bailey   | Reached skill level 1 in Necromancy
 10047 | Bailey   | Identified the +0 chain mail "Iwohooff" {rPois rF+ Int+3
                  | Dex-5}
 10239 | D:10     | Found Tuethrant's Magic Scroll Emporium.
 10338 | D:10     | Found a staircase to the Orcish Mines.
 11081 | D:11     | Noticed a purple ugly thing
 11104 | D:11     | Killed a white ugly thing
 11297 | D:11     | Reached XP level 11. HP: 54/89 MP: 4/23
 11496 | D:11     | Found Xoroc's Armour Shop.
 12232 | D:11     | Found a staircase to the Lair.
 12414 | Lair:1   | Entered Level 1 of the Lair of Beasts
 12499 | Lair:1   | Reached skill level 5 in Armour
 12499 | Lair:1   | Reached skill level 5 in Air Magic
 12499 | Lair:1   | Reached skill level 5 in Poison Magic
 13828 | Lair:2   | Noticed Gastronok
 13862 | Lair:2   | Killed Gastronok
 14085 | Lair:2   | Found a staircase to the Shoals.
 14284 | Lair:2   | Found a runed translucent door.
 14284 | Lair:2   | Noticed bairyn's ghost (journeyman AtFi)
 14786 | Lair:3   | Noticed Nergalle
 15315 | Lair:2   | Killed Nergalle
 15316 | Lair:2   | Reached XP level 12. HP: 90/96 MP: 18/26
 15562 | Lair:3   | Noticed a boulder beetle
 15573 | Lair:3   | Killed a boulder beetle
 15676 | Lair:3   | Identified the +10 quarterstaff of Disgust {venom, rF+
                  | rCorr}
 15812 | Lair:3   | Noticed Josephine
 15821 | Lair:3   | Killed Josephine
 16068 | Lair:3   | Found a hole to the Spider Nest.
 16798 | Lair:2   | HP: 3/96 [demonic crawler (14)]
 16798 | Lair:2   | Mangled by a demonic crawler

Illustrated notes

Levels and vault maps discovered:
D:1:      dpeg_arrival_oval, layout_rooms
D:2:      layout_basic, serial_shops, nicolae_shop_tiny_statue_garden, shop,
          shop, nicolae_shop_tiny_statue_garden, shop_fountains,
          grunt_decor_cap, columned_hall_lemuel, minmay_lizard_pond
D:3:      layout_loops_ring, old_standard_altar, dk_vineyard_1, uniq_robin
D:4:      layout_loops_ring, mainiacjoe_overflow_alcove_1,
          mainiacjoe_overflow_cross_hatched, kennysheep_nondescript
D:5:      gammafunk_steamed_eel, layout_basic, minmay_temple_entry_slanted,
          gammafunk_ghost_hive, serial_shops, nicolae_shop_bloodbath_and_beyond,
          uniq_menkaure
D:6:      layout_loops_ring, good_gods_temple_1, amethyst_killhole
D:7:      layout_rooms, mainiacjoe_overflow_boulevard
D:8:      layout_loops_ring
D:9:      layout_loops_cross, grunt_temple_overflow_open, fedhas_ov_isle_minmay,
          mainiacjoe_overflow_brackets, nicolae_qazlal_general_emergency,
          st_stairs_3, minivault_7
D:10:     layout_cave_pools, david_orc_4, serial_shops, shop, enter_bailey_5,
          minivault_24, kennysheep_small_spiral
D:11:     layout_basic, david_lair_shrubbed, serial_shops,
          nicolae_shop_tiny_statue_garden
D:12:     layout_irregular_city, st_stairs_4, kennysheep_okawaru_gauntlet
Lair:1:   layout_cellular_growth, serial_forest, infiniplex_forest_lined_room_2,
          infiniplex_forest_end_3, infiniplex_forest_clump_small,
          infiniplex_forest_end_2, infiniplex_forest_end_2,
          infiniplex_forest_straight_2, infiniplex_forest_end_1,
          lemuel_fruit_tree
Lair:2:   layout_regular_city, shoals_dummy_entry, gammafunk_ghost_grave,
          serial_bayou_shore_a, uniq_gastronok
Lair:3:   layout_gridlike, nicolae_spider_entry_non_spiders, worms_lemuel,
          uniq_nergalle, uniq_josephine

Skill      XL: |  1  2  3  4  5  6  7  8  9 10 11 12 |
---------------+-------------------------------------+-----
Earth Magic    | 2 3 4 5 6 7 8 |  8.0
Fighting       | 1 2 3 4 5 6 |  6.0
Axes           | 1 2 3 4 |  4.5
Armour         | 3 4 6 |  6.8
Conjurations   | 2 4 5 6 7 8 |  8.5
Spellcasting   | 2 3 4 5 6 7 |  7.1
Air Magic      | 1 3 4 6 |  6.0
Poison Magic   | 1 3 4 6 |  6.0
Dodging        | 2 |  2.0
Polearms       | 1 |  1.0
Shields        | 2 |  2.0
Necromancy     | 2 3 |  3.8
Throwing       | |  2.6
Stealth        | |  1.0

Action                     |  1- 3 |  4- 6 |  7- 9 | 10-12 || total
---------------------------+-------+-------+-------+-------++-------
  Melee: Dagger            |    19 |       |       |       ||    19
         Hand axe          |    27 |    89 |    88 |    49 ||   253
         Punch             |       |     1 |       |     2 ||     3
         Spear             |       |       |    17 |    71 ||    88
  Throw: Dart              |     2 |     2 |       |       ||     4
   Cast: Sandblast         |    64 |     9 |     7 |       ||    80
         Stone Arrow       |       |       |   104 |   287 ||   391
         Mephitic Cloud    |       |       |    13 |    47 ||    60
  Evoke: Wand              |       |       |     4 |       ||     4
    Use: Scroll            |     6 |     2 |     4 |    10 ||    22
         Potion            |     1 |       |       |     3 ||     4
   Stab: Sleeping          |     3 |       |       |       ||     3
         Confused          |       |       |     1 |     3 ||     4
 Armour: Robe              |     2 |       |       |       ||     2
         Animal skin       |     1 |       |       |       ||     1
         Skin              |     1 |       |       |       ||     1
         Ring mail         |       |    30 |    37 |       ||    67
         Steam dragon scal |       |       |     2 |    12 ||    14
         Chain mail        |       |       |       |   107 ||   107
  Dodge: Dodged            |    54 |    46 |    56 |   127 ||   283
  Block: Other             |       |       |     1 |       ||     1
